cohdb
Replays
Latest Replays
All Replays
Popular Replays
Top Player Replays
Match Explorer
How It Works
Community
CoH3 Stats
Reddit
Sign in to upload your games and track your stats! →
Sign in with Steam
Match 42561399
Unlisted
Match 42561399
Overview
Messages
Build Orders
End
Royal Engineer Section
Construct Section Command Post
Selects Canadian Shock Battlegroup
Vickers Machine Gun Team
Dingo Light Scout Car
Selects Attacking Spirit
Selects Canadian Shock Section
Canadian Shock Section
Construct Platoon Command Post
Humber Armored Car
Canadian Shock Section
Selects Incendiary Munitions
Construct Field Infirmary
Vickers Machine Gun Team
Selects Pyrotechnics
6-pounder Anti-tank Gun Team
Construct Company Command Post
Royal Engineer Section
Selects Demolition Engineering
Crusader II Medium Tank
6-pounder Anti-tank Gun Team
Selects Smoke Operation
Foot Guards Section
Infantry Training
Crusader II Medium Tank
Crusader II Medium Tank
Royal Engineer Section
Crusader II Medium Tank
Armored Vehicle Training
Smoke Operation
Crusader II Medium Tank
Crusader II Medium Tank
Unlock M3 Grant Medium Tanks
M3 Grant Medium Tank
M3 Grant Medium Tank
Smoke Operation
Smoke Operation
M3 Grant Medium Tank
2 uși
Nubbl0r
0
0
Comments
sign in to comment!
No comments posted yet!